 Dungeon Crawl Stone Soup version 0.25-a0-578-gc91f01c39c (webtiles) character file.

Game seed: 4680136531808478810, levelgen mode: deterministic

15417 kae the Covert (level 12, -3/59 HPs)
             Began as a Vampire Enchanter on Mar 3, 2020.
             Was a Believer of Dithmenos.
             Slain by a centaur warrior (10 damage)
             ... on level 14 of the Dungeon.
             The game lasted 00:17:14 (9707 turns).

kae the Covert (Vampire Enchanter)                  Turns: 9707, Time: 00:17:15

Health: -3/59      AC:  9    Str: 10    XL:     12   Next: 1%
Magic:  22/24      EV: 12    Int: 18    God:    Dithmenos [**....]
Gold:   536        SH:  6    Dex: 16    Spells: 15/27 levels left

rFire    . . .     SeeInvis +   D - +1 short sword (flame)
rCold    + + .     Gourm    .   A - +1 buckler {reflect}
rNeg     + + +     Faith    .   d - +1 leather armour
rPois    ∞         Spirit   .   h - +2 helmet
rElec    .         Reflect  +   r - +0 cloak
rCorr    .         Harm     .   (no gloves)
MR       +....                  j - +0 pair of boots
Stlth    +++++++++.             b - amulet of regeneration
HPRegen  0.00/turn              (no ring)
MPRegen  0.19/turn              (no ring)

@: bloodless, wreathed by umbra
A: no food, fangs 3, see invisible, unbreathing
a: Bat Form, Revivify, Shadow Step, Renounce Religion


You were on level 14 of the Dungeon.
You worshipped Dithmenos.
Dithmenos was pleased with you.
You were bloodless.

You visited 2 branches of the dungeon, and saw 13 of its levels.

You collected 536 gold pieces.

Inventory:

Hand Weapons
 a - a +1 dagger
 g - a +2 dagger of protection
 D - a +1 short sword of flaming (weapon)
Armour
 d - a +1 leather armour (worn)
 h - a +2 helmet (worn)
 j - a +0 pair of boots (worn)
 r - a +0 cloak (worn)
 A - a +1 buckler of reflection (worn)
Jewellery
 b - an amulet of regeneration (around neck)
 l - an uncursed ring of flight
 E - an uncursed ring of ice {unknown}
Wands
 f - a wand of acid (11)
 t - a wand of polymorph (7)
 C - a wand of flame (21)
Scrolls
 c - 11 scrolls of remove curse
 i - 3 scrolls of teleportation
 s - 4 scrolls of amnesia
 u - a scroll of enchant weapon
 x - 2 scrolls of identify
 y - a scroll of acquirement {unknown}
 z - a scroll of vulnerability {unknown}
Potions
 e - a potion of heal wounds
 m - 2 potions of stabbing
 n - a potion of ambrosia {unknown}
 o - 2 potions of cancellation
 p - 3 potions of flight {unknown}
 q - a potion of haste
 v - 3 potions of curing
 w - a potion of berserk rage {unknown}
 B - 2 potions of brilliance {unknown}


   Skills:
 * Level 12.9 Short Blades
 - Level 2.1 Dodging
 + Level 13.5 Stealth
 - Level 4.0 Shields
 + Level 8.1 Spellcasting
 + Level 12.5 Hexes


You had 15 spell levels left.
You knew the following spells:

 Your Spells              Type           Power        Failure   Level  Hunger
a - Corona                Hex            ######.      1%          1    N/A
b - Ensorcelled Hibernat  Hex/Ice        ####..       1%          2    N/A
c - Confusing Touch       Hex            ######..     1%          3    N/A
d - Tukima's Dance        Hex            ######..     1%          3    N/A
e - Dazzling Flash        Conj/Hex       ####..       3%          3    N/A

Your spell library contained the following spells:

 Spells                   Type           Power        Failure   Level  Hunger
 Portal Projectile        Hex/Tloc       ####..       3%          3    N/A
 Fulminant Prism          Conj/Hex       ####......   10%         4    N/A
 Animate Skeleton         Necr           N/A          13%         1    N/A
 Apportation              Tloc           #.....       13%         1    N/A
 Magic Dart               Conj           #...         13%         1    N/A
 Summon Small Mammal      Summ           #...         13%         1    N/A
 Searing Ray              Conj           #.....       21%         2    N/A
 Metabolic Englaciation   Hex/Ice        ####......   28%         5    N/A
 Summon Mana Viper        Hex/Summ       ####....     28%         5    N/A
 Yara's Violent Unravell  Hex/Tmut       ####......   28%         5    N/A
 Iskenderun's Mystic Bla  Conj/Tloc      #.......     78%         4    N/A

Dungeon Overview and Level Annotations

Branches:
Dungeon (11/15)            Temple (1/1) D:6            Lair (0/6) D:8
    Orc: D:9-12

Altars:
Ashenzari
Cheibriados
Dithmenos
Elyvilon
Fedhas
Gozag
Hepliaklqana
Kikubaaqudgha
Makhleb
Nemelex Xobeh
Okawaru
Qazlal
Ru
Sif Muna
Trog
Uskayaw
Vehumet
Wu Jian
Xom
Yredelemnul
Zin
The Shining One

Shops:
D:4 %

Portals:
Trove: D:10 (give +4 fire dragon scales)


Innate Abilities, Weirdness & Mutations

You do not eat.
You do not regenerate when monsters are visible.
You are frail without blood (-20% HP).
You can heal yourself when you bite living creatures.
You are immune to poison.
You have razor-sharp teeth.
You have supernaturally acute eyesight. (SInv)
You can survive without breathing.


Message History

* * * LOW HITPOINT WARNING * * *
You see here an arrow.
A meliai comes into view. It is wielding a +0 hand axe.
The centaur warrior shoots an arrow.
You reflect the arrow off your +1 buckler of reflection!
The arrow hits the centaur warrior!!
The centaur warrior shoots an arrow.
The arrow barely misses you.
The meliai calls down the wrath of its god upon you.
Something smites you!
* * * LOW HITPOINT WARNING * * *
The centaur warrior unwields a +0 shortbow.
The centaur warrior misses you.
Casting: Ensorcelled Hibernation (safe; 1% risk of failure)
Confirm with . or Enter, or press ? or * to list all spells.
Aiming: Ensorcelled Hibernation (safe; 1% risk of failure)
Press: ? - help, Shift-Dir - straight line, f - centaur warrior
Aim: a centaur warrior, quivering 17 arrows (heavily wounded, umbra, chance to defeat MR: 40%)
The centaur warrior resists with some effort.
The centaur warrior hits you!
You die...

#y # #.#y# #.######.#.#
###........#.#
.......cy....# #@# #..#
#.###.###..###########
#....(...........##...
#..##(###..###........
.##..##.###...##...##...
.......(##.....#######.#
###....(.)....## #.#
##.#######.## ####.# #.
#.# #.....


You could see a centaur warrior and a meliai.

Vanquished Creatures
  Josephine (D:11)
  A two-headed ogre (D:11)
  A vampire mage (D:11)
  5 deep elf magi
  An orc sorcerer (D:11)
  2 naga magi (D:11)
  Joseph (D:7)
  A centaur skeleton (D:10)
  2 trolls
  Prince Ribbit (D:8)
  3 hornets
  A hippogriff (D:10)
  3 wyverns
  A basilisk (D:11)
  6 wraiths
  10 yaks
  Eustachio (D:4)
  3 hungry ghosts
  A water moccasin (D:7)
  A soldier ant (D:11)
  A porcupine (D:8)
  4 orc warriors
  A sky beast (D:11)
  2 phantoms
  6 ice beasts
  A necrophage (D:10)
  4 ogres
  4 centaurs
  3 crocodiles (D:8)
  2 big kobolds
  A bullfrog (D:10)
  A gnoll sergeant (D:11)
  3 wyvern zombies
  3 scorpions
  7 killer bees
  A howler monkey (D:4)
  4 crimson imps
  A quasit (D:10)
  A bullfrog zombie (D:6)
  6 hounds
  3 bullfrog skeletons
  4 orc priests
  A jelly (D:6)
  17 orc wizards
  10 worker ants
  2 iguanas
  A howler monkey zombie (D:10)
  Robin (D:2)
  2 worker ant zombies (D:11)
  11 gnolls
  10 adders
  4 shadow imps
  An ooze (D:5)
  An adder skeleton (D:7)
  3 worms
  9 dart slugs
  A leopard gecko (D:6)
  54 orcs
  3 giant cockroaches
  9 hobgoblins
  12 jackals
  16 kobolds
  4 quokkas
  A ball python (D:1)
  5 bats
  6 frilled lizards
  12 goblins
  A leopard gecko skeleton (D:4)
  7 rats
313 creatures vanquished.

Notes
Turn   | Place    | Note
-------+----------+-------------------------------------------
     0 | D:1      | kae the Vampire Enchanter began the quest for the Orb.
     0 | D:1      | Reached XP level 1. HP: 13/13 MP: 3/3
   149 | D:1      | Reached XP level 2. HP: 15/19 MP: 5/5
   586 | D:1      | Learned a level 2 spell: Ensorcelled Hibernation
   786 | D:2      | Reached XP level 3. HP: 15/24 MP: 4/6
   834 | D:2      | Learned a level 3 spell: Confusing Touch
   850 | D:2      | Reached skill level 5 in Stealth
   850 | D:2      | Reached skill level 5 in Hexes
  1065 | D:2      | Reached XP level 4. HP: 30/30 MP: 7/7
  1392 | D:3      | Noticed Robin
  1468 | D:2      | Killed Robin
  1698 | D:3      | Reached XP level 5. HP: 27/35 MP: 9/9
  1959 | D:3      | Reached skill level 6 in Stealth
  2374 | D:3      | Reached XP level 6. HP: 41/41 MP: 7/10
  2677 | D:4      | Found Ontiujer's Food Shoppe.
  2811 | D:4      | Reached skill level 5 in Short Blades
  2854 | D:4      | Noticed Eustachio
  2861 | D:4      | Killed Eustachio
  2861 | D:4      | Reached skill level 7 in Stealth
  2861 | D:4      | Reached XP level 7. HP: 46/46 MP: 7/12
  3218 | D:5      | Entered Level 5 of the Dungeon
  3226 | D:5      | Found a white marble altar of Elyvilon.
  3820 | D:5      | Reached XP level 8. HP: 52/52 MP: 14/14
  3825 | D:5      | Learned a level 3 spell: Tukima's Dance
  3829 | D:5      | Learned a level 3 spell: Dazzling Flash
  4059 | D:6      | Reached skill level 8 in Stealth
  4437 | D:6      | Found a stormy altar of Qazlal.
  4440 | D:6      | Noticed an air elemental
  4561 | D:6      | Found a staircase to the Ecumenical Temple.
  4660 | Temple   | Entered the Ecumenical Temple
  4813 | D:7      | Noticed Joseph
  4819 | D:7      | Killed Joseph
  4819 | D:7      | Reached skill level 9 in Stealth
  4819 | D:7      | Reached skill level 5 in Spellcasting
  5049 | D:7      | Reached XP level 9. HP: 45/45 MP: 16/16
  5466 | D:8      | Reached skill level 1 in Shields
  5472 | D:8      | Reached skill level 10 in Stealth
  5845 | D:8      | Found the +5 scythe "Finisher" {speed, eviscerate}
  5868 | D:8      | Reached XP level 10. HP: 50/50 MP: 15/19
  5909 | D:8      | Reached skill level 10 in Hexes
  6017 | D:8      | Reached skill level 10 in Short Blades
  6059 | D:8      | Found a staircase to the Lair.
  6100 | D:8      | Noticed Prince Ribbit
  6107 | D:8      | Killed Prince Ribbit
  6107 | D:8      | Reached skill level 11 in Stealth
  6443 | D:9      | Found a shadowy altar of Dithmenos.
  6667 | D:9      | Found a burning altar of Makhleb.
  6717 | D:9      | Found an iron altar of Okawaru.
  6719 | D:9      | Found a glowing golden altar of the Shining One.
  6768 | D:10     | Entered Level 10 of the Dungeon
  6935 | D:10     | Found a portal to a secret trove of treasure.
  7568 | D:9      | Became a worshipper of Dithmenos the Shadowed
  7945 | D:11     | Reached skill level 12 in Stealth
  7945 | D:11     | Reached XP level 11. HP: 54/54 MP: 21/21
  8265 | D:11     | Noticed Josephine
  8297 | D:11     | Reached * piety under Dithmenos
  8314 | D:11     | Killed Josephine
  8408 | D:11     | Found a bloodstained altar of Trog.
  8603 | D:11     | Noticed a two-headed ogre
  9121 | D:11     | Noticed a two-headed ogre
  9127 | D:11     | Killed a two-headed ogre
  9261 | D:11     | Noticed a deep elf mage
  9265 | D:11     | Noticed a deep elf mage
  9267 | D:11     | Killed a deep elf mage
  9270 | D:11     | Killed a deep elf mage
  9270 | D:11     | Reached skill level 13 in Stealth
  9278 | D:11     | Noticed a deep elf mage
  9295 | D:11     | Killed a deep elf mage
  9301 | D:11     | Reached ** piety under Dithmenos
  9446 | D:11     | Noticed a vampire mage
  9457 | D:11     | Killed a vampire mage
  9524 | D:11     | Noticed a deep elf mage
  9530 | D:11     | Killed a deep elf mage
  9538 | D:11     | Identified Fypaung's Papyrus of Malediction
  9560 | D:11     | Found a shimmering blue altar of Sif Muna.
  9564 | D:11     | Noticed an orc sorcerer
  9576 | D:11     | Noticed a vampire mage
  9579 | D:11     | Killed an orc sorcerer
  9668 | D:11     | You fall into a shaft and drop 3 floors!
  9693 | D:14     | Noticed a deep elf mage
  9693 | D:14     | Noticed a centaur warrior
  9698 | D:14     | Killed a deep elf mage
  9698 | D:14     | Reached XP level 12. HP: 59/59 MP: 24/24
  9707 | D:14     | Slain by a centaur warrior

Levels and vault maps discovered:
D:1:      dpeg_arrival_pits, layout_rooms, minmay_tripent
D:2:      layout_basic, grunt_ministairs_3
D:3:      kennysheep_slugbush, layout_basic, uniq_robin
D:4:      layout_rooms, serial_shops, shop, uniq_eustachio
D:5:      layout_rooms, first_ration, elyvilon_altar_5
D:6:      layout_loops_cross, minmay_temple_entry_statues_pillars, st_stairs_5,
          nicolae_qazlal_style_of_elements
D:7:      layout_loops_cross, uniq_joseph
D:8:      minmay_skewed_foursquare, layout_cave_pools,
          grunt_lair_entry_orc_guard_hut, minmay_guarded_unrand_finisher,
          uniq_prince_ribbit1
D:9:      layout_rooms, bloody_makhleb, nicolae_overflow_hidden_temple
D:10:     layout_stronghold, trove_entry_hex_spiral, serial_rivers,
          chequers_serial_rivers_marsh, chequers_serial_rivers_micro_a,
          chequers_serial_rivers_micro_d, chequers_serial_rivers_small_a
D:11:     evilmike_library_of_no_secrets, layout_irregular_city,
          hangedman_pestilent_swarm, bloody_trog, uniq_josephine
D:14:     layout_loops_corners, serial_park_tiny_1
Temple:   nicolae_temple_no_exploring_needed

Skill      XL: |  1  2  3  4  5  6  7  8  9 10 11 |
---------------+----------------------------------+-----
Short Blades   | 2 3 4 5 6 8 9 11 12 | 12.9
Stealth        | 5 6 7 9 10 12 13 | 13.5
Hexes          | 5 6 7 8 9 11 12 | 12.5
Spellcasting   | 3 4 5 6 7 8 |  8.1
Shields        | 2 4 |  4.0
Dodging        | |  2.1

Action                   |  1- 3 |  4- 6 |  7- 9 | 10-12 || total
-------------------------+-------+-------+-------+-------++-------
Melee: Dagger            |   116 |   363 |   386 |    39 ||   904
       Bite              |     5 |    30 |    25 |    51 ||   111
       Short sword       |       |       |       |   397 ||   397
 Cast: Corona            |    12 |       |     1 |     2 ||    15
       Ensorcelled Hiber |     1 |    28 |    61 |    93 ||   183
       Confusing Touch   |       |       |     4 |    15 ||    19
       Dazzling Flash    |       |       |       |     1 ||     1
 Abil: Exsanguinate      |       |       |     1 |       ||     1
  Use: Scroll            |     3 |     7 |     1 |     7 ||    18
       Potion            |       |       |     3 |     2 ||     5
 Stab: Sleeping          |     6 |    24 |    49 |    76 ||   155
       Distracted        |     1 |       |       |     4 ||     5
       Confused          |       |       |     5 |    15 ||    20
       Invisible         |       |       |       |     1 ||     1
Armor: Robe              |    23 |       |       |       ||    23
       Leather armour    |    12 |   150 |   100 |   122 ||   384
       Skin              |       |       |    33 |       ||    33
Dodge: Dodged            |    65 |   261 |   140 |   215 ||   681
Block: Buckler           |       |       |    13 |   114 ||   127
       Reflection        |       |       |       |     4 ||     4

Table legend:
 A = Non-vault XP
 B = Vault XP
 C = Vault XP percentage of total XP
 D = Non-vault monster count
 E = Vault monster count
 F = Vault count percentage of total count
                 A         B        C        D         E       F
            +---------+---------+-------+---------+---------+-------
      Total |   12608 |    9417 |  42.8 |     251 |      62 |  19.8
            +---------+---------+-------+---------+---------+-------
        D:1 |      30 |       3 |   9.1 |      19 |       2 |   9.5
        D:2 |      89 |      39 |  30.5 |      15 |      13 |  46.4
        D:3 |     227 |      27 |  10.6 |      27 |       8 |  22.9
        D:4 |     419 |     196 |  31.9 |      27 |       1 |   3.6
        D:5 |     405 |       0 |   0.0 |      17 |       0 |   0.0
        D:6 |     508 |     157 |  23.6 |      14 |       2 |  12.5
        D:7 |     515 |     439 |  46.0 |       7 |       1 |  12.5
        D:8 |    2132 |    1817 |  46.0 |      32 |      14 |  30.4
        D:9 |    1456 |       0 |   0.0 |      17 |       0 |   0.0
       D:10 |    3234 |       0 |   0.0 |      39 |       0 |   0.0
       D:11 |    3019 |    6739 |  69.1 |      36 |      21 |  36.8
       D:14 |     574 |       0 |   0.0 |       1 |       0 |   0.0
            +---------+---------+-------+---------+---------+-------
